 Dungeon Crawl Stone Soup version 0.26.0-10-g1f06aea511 (webtiles) character file.

Game seed: 1935381284476410945

961 Borgoz the Ducker (level 8, -4/67 HPs)
             Began as a Ghoul Gladiator on Jan 14, 2021.
             Slain by a gnoll
             ... wielding a +0 halberd
              (9 damage)
             ... on level 6 of the Dungeon.
             The game lasted 00:07:03 (6130 turns).

Borgoz the Ducker (Ghoul Gladiator)                 Turns: 6130, Time: 00:07:03

Health: -4/67      AC:  4    Str: 18    XL:     8   Next: 15%
Magic:  7/7        EV: 14    Int:  3    God:
Gold:   427        SH:  0    Dex: 12    Spells: 7/7 levels left

rFire    + . .     SeeInvis .   a - +1 long sword
rCold    + . .     Faith    .   (no shield)
rNeg     + + +     Spirit   .   b - +0 leather armour
rPois    ∞         Reflect  .   c - +0 helmet
rElec    .         Harm     .   (no cloak)
rCorr    .         Rampage  .   (no gloves)
Will     .....                  (no boots)
Stlth    +.........             (no amulet)
HPRegen  0.00/turn              f - ring of protection from cold
MPRegen  0.10/turn              l - ring of fire

@: glowing
A: claws 1, cold resistance 1, negative energy resistance 3, inhibited
regeneration, torment resistance, unbreathing
a: no special abilities


You were on level 6 of the Dungeon.
You visited 1 branch of the dungeon, and saw 6 of its levels.

You collected 427 gold pieces.

Inventory:

Hand Weapons
 a - a +1 long sword (weapon)
 s - a +2 whip of electrocution
Armour
 b - a +0 leather armour (worn)
 c - a +0 helmet (worn)
Jewellery
 f - a ring of protection from cold (left claw)
 l - a ring of fire (right claw)
Wands
 g - a wand of iceblast (8)
 m - a wand of random effects (13)
 p - a wand of flame (34)
Scrolls
 i - a scroll of blinking
 j - 3 scrolls of remove curse
 k - 4 scrolls of teleportation
 o - a scroll of fog {unknown}
Potions
 h - a potion of cancellation
 n - a potion of brilliance
 q - a potion of flight
 r - a potion of invisibility {unknown}
 t - 2 potions of curing {unknown}


   Skills:
 + Level 4.7 Fighting
 * Level 5.7 Long Blades
 - Level 1.7 Throwing
 + Level 1.6 Armour
 * Level 5.8 Dodging


You had 7 spell levels left.
You didn't know any spells.
Your spell library contained the following spells:

 Spells                   Type           Power        Failure   Level
 Animate Skeleton         Necr           0%           58%         1
 Apportation              Tloc           0%           58%         1
 Corona                   Hex            0%           58%         1
 Summon Small Mammal      Summ           0%           58%         1
 Ignite Poison            Fire/Tmut/Pois 0%           91%         3
 Petrify                  Tmut/Erth      0%           100%        4
 Alistair's Intoxication  Tmut/Pois      0%           100%        5
 Irradiate                Conj/Tmut      0%           100%        5
 Eringya's Noxious Bog    Tmut/Pois      0%           100%        6
 Sublimation of Blood     Necr           Unusable     N/A         2

Dungeon Overview and Level Annotations

Branches:
Dungeon (6/15)
 Temple: D:4-7

Altars:
Okawaru
Xom
Zin


Innate Abilities, Weirdness & Mutations

You thrive by killing the living.
You are immune to poison.
You have sharp fingernails.
Your flesh is cold resistant. (rC+)
You are immune to negative energy. (rN+++)
You do not regenerate when monsters are visible.
You are immune to unholy pain and torment.
You can survive without breathing.


Message History

You kill the gnoll shaman!
The gnoll hits you from afar with a +0 halberd!
* * * LOW HITPOINT WARNING * * *
You feel much better.
The gnoll hits you from afar with a +0 halberd.
The gnoll misses you. The gnoll hits you with a +0 halberd.
Items here: ( )) [ ††.
You slash the gnoll!
The gnoll is almost dead.
The gnoll hits you with a +0 halberd!
* * * LOW HITPOINT WARNING * * *
Throw: throwing net
Press: ? - help, Q - select action, (/) - cycle Shift-Dir - straight line, f - gnoll
Aim: a gnoll, wielding a +0 halberd (almost dead, fast)
You throw a throwing net.
The throwing net barely misses the gnoll.
The throwing net hits the jackal.
The jackal is caught in the net!
The gnoll hits you with a +0 halberd!
You die...

.# .# .# ########
#.# ###......#
..# #.#.####.#
..# #<#.#
#.########..#
####'#'##
#....†@gh...#
#.......#
##########.......
#.#.....+ .......
#.#.....# .).....
#........#
.......
########.#
....... .#
....... .#
.......


You could see a gnoll (fast) and a jackal (caught).

Vanquished Creatures
  2 phantoms (D:5)
  2 ogres
  A scorpion (D:4)
  The ghost of Dracia the Ducker, a weakling DsGl (D:4)
  3 hounds (D:5)
  A gnoll shaman (D:6)
  An orc priest (D:4)
  A centaur skeleton (D:3)
  An orc wizard (D:5)
  Terence (D:3)
  A worker ant (D:4)
  9 gnolls
  8 adders
  An ooze (D:3)
  An adder skeleton (D:4)
  A worm (D:3)
  3 dart slugs
  11 orcs
  5 giant cockroaches
  7 goblins
  9 hobgoblins
  9 jackals
  4 quokkas
  2 ball pythons (D:3)
  6 bats
  A frilled lizard (D:3)
  7 kobolds
  6 rats
  A butterfly (D:5)
106 creatures vanquished.

Notes
Turn   | Place    | Note
-------+----------+-------------------------------------------
     0 | D:1      | Borgoz the Ghoul Gladiator began the quest for the Orb.
     0 | D:1      | Reached XP level 1. HP: 17/17 MP: 0/0
    99 | D:1      | Reached XP level 2. HP: 15/25 MP: 1/1
   694 | D:1      | Reached XP level 3. HP: 30/30 MP: 2/2
  1316 | D:2      | Found an iron altar of Okawaru.
  1330 | D:2      | Reached XP level 4. HP: 33/37 MP: 3/3
  1947 | D:3      | Reached XP level 5. HP: 45/45 MP: 4/4
  2110 | D:3      | Noticed Terence
  2127 | D:3      | Killed Terence
  3444 | D:4      | Reached XP level 6. HP: 17/51 MP: 5/5
  3803 | D:4      | Found a runed translucent door.
  3803 | D:4      | Noticed Dracia's ghost (weakling DsGl)
  4047 | D:4      | Killed Dracia's ghost
  4183 | D:5      | Entered Level 5 of the Dungeon
  4201 | D:5      | Reached XP level 7. HP: 46/59 MP: 6/6
  4384 | D:5      | Reached skill level 5 in Long Blades
  4384 | D:5      | Reached skill level 5 in Dodging
  4460 | D:5      | Found a glowing silver altar of Zin.
  4932 | D:5      | Reached skill level 1 in Armour
  5423 | D:5      | Reached XP level 8. HP: 67/67 MP: 7/7
  5423 | D:5      | Found a shimmering altar of Xom.
  6130 | D:6      | Slain by a gnoll

Illustrated notes

Levels and vault maps discovered:
D:1:      lemuel_arrival_cross, layout_basic, minmay_cut_off
D:2:      layout_basic, overflow_temple_1_default, minmay_misc_feat_cross
D:3:      layout_basic, uniq_terence
D:4:      layout_loops_ring, ebering_ghost_inner_flame
D:5:      layout_basic, kennysheep_mini_moat, xom_butterflies, serial_glass,
          glass_columns_a, glass_columns_a, glass_columns_c, glass_columns_a,
          glass_columns_b, glass_columns_a, patterned_corridor
D:6:      layout_basic, demons_altar, fedhas_bush_and_centaur_altar

Skill      XL: |  1  2  3  4  5  6  7 |
---------------+----------------------+-----
Long Blades    | 3 4 5 |  5.7
Dodging        | 3 4 5 |  5.8
Fighting       | 3 4 |  4.7
Armour         | 1 |  1.6
Throwing       | |  1.7

Action                   |  1- 3 |  4- 6 |  7- 9 || total
-------------------------+-------+-------+-------++-------
Melee: Long sword        |   101 |   168 |   109 ||   378
Throw: Throwing net      |       |       |     4 ||     4
  Use: Scroll            |       |    13 |     1 ||    14
       Potion            |       |     4 |     1 ||     5
 Stab: Held in net/web   |       |       |     2 ||     2
Armor: Leather armour    |    42 |    39 |    17 ||    98
Dodge: Dodged            |   100 |   151 |   102 ||   353
       Rpst.: Long sword |    29 |    53 |    29 ||   111
